 Dungeon Crawl Stone Soup version 0.32-a0-685-g93135e86f0 (webtiles) character file.

Game seed: 11093604303507101088

512 croobank the Firebug (level 6, -3/72 HPs)
             Began as a Demigod Fire Elementalist on Mar 12, 2024.
             Slain by a black bear (5 damage)
             ... on level 5 of the Dungeon.
             The game lasted 00:09:41 (4098 turns).

croobank the Firebug (Demigod Fire Elementalist)    Turns: 4098, Time: 00:09:41

Health: -3/72      AC:  3    Str:  9    XL:     6   Next: 66%
Magic:  12/22      EV: 13    Int: 25    God:
Gold:   146        SH:  0    Dex: 14    Spells: 4/10 levels left

rFire   . . .        u - +1 dagger (venom)
rCold   . . .        (no shield)
rNeg    . . .        a - +0 robe
rPois   .            o - +0 helmet
rElec   .            (no cloak)
rCorr   .            (no gloves)
SInv    .            (no boots)
Will    .....        (no amulet) Stlth
                     s - ring of magical power
HPRegen 0.32/turn    (no ring)
MPRegen 0.18/turn

%: no passive effects
@: berserking, very quick
A: high MP 1, forlorn, divine attributes
a: no special abilities


You were on level 5 of the Dungeon.
You visited 1 branch of the dungeon, and saw 5 of its levels.

You collected 174 gold pieces.
You spent 28 gold pieces at shops.

Inventory:

Hand Weapons
 f - a +0 dagger
 g - a +1 whip of venom
 l - a +0 sling
 n - a +0 war axe
 p - a +0 dagger of draining
 u - a +1 dagger of venom (weapon)
Missiles
 i - 2 throwing nets
 j - 6 curare-tipped darts
Armour
 a - a +0 robe (worn)
 o - a +0 helmet (worn)
Jewellery
 s - a ring of magical power (left hand)
Wands
 k - a wand of roots (11)
 t - a wand of flame (12)
 C - a wand of acid (12)
Scrolls
 c - 2 scrolls of immolation {unknown}
 d - a scroll of noise {unknown}
 e - 2 scrolls of teleportation {unknown}
 m - 2 scrolls of revelation {unknown}
 q - 2 scrolls of vulnerability {unknown}
 r - a scroll of enchant armour {unknown}
 w - a scroll of fog {unknown}
 y - 2 scrolls of butterflies {unknown}
 B - a scroll of poison {unknown}
Potions
 b - a potion of magic
 h - a potion of curing
 x - 2 potions of ambrosia {unknown}
 z - a potion of might {unknown}
 A - 2 potions of brilliance {unknown}
 D - a potion of lignification {unknown}


   Skills:
 + Level 2.0 Fighting
 + Level 3.1 Dodging
 + Level 3.3 Stealth
 + Level 2.9 Spellcasting
 + Level 2.5 Conjurations
 + Level 2.0 Hexes
 + Level 3.7 Fire Magic


You had 4 spell levels left.
You knew the following spells:

 Your Spells              Type           Power      Damage    Failure   Level
a - Foxfire               Conj/Fire      76%        2x1d7     2%          1
b - Scorch                Fire           44%        2d6       3%          2
c - Inner Flame           Hex/Fire       17%        N/A       10%         3

Your spell library contained the following spells:

 Spells                   Type           Power      Damage    Failure   Level
 Magic Dart               Conj           64%        1d6       3%          1
 Searing Ray              Conj           32%        2d5       5%          2
 Volatile Blastmotes      Fire/Tloc      24%        2d12      14%         3
 Flame Wave               Conj/Fire      19%        2d7       28%         4
 Fulminant Prism          Conj/Alch      4%         3d5       52%         4


Dungeon Overview and Level Annotations

Branches:
Dungeon (5/15)             Temple (0/1) D:4

Shops:
D:1 (==:?


Innate Abilities, Weirdness & Mutations

You have an increased reservoir of magic. (+10% MP)
You shall have no god before yourself.
Your divine heritage dramatically boosts your attributes as you level up.


Message History

Confirm with . or Enter, or press ? or * to list all spells.
Flames lash the sleepcap.
The sleepcap is burned terribly!
The sleepcap is severely damaged.
The black bear bites you. The black bear barely misses you. x2
The sleepcap closely misses you.
You hit the sleepcap.
The sleepcap is poisoned.
The sleepcap is almost destroyed.
The black bear closely misses you. The black bear claws you.
The black bear closely misses you. The sleepcap releases spores at you.
You are engulfed in a cloud of soporific spores!
You fall asleep.
You destroy the sleepcap!
The black bear bites you!
You wake up.
* * * LOW HITPOINT WARNING * * *
The black bear claws you but does no damage. x2
Your Fighting skill increases to level 2!
Your Hexes skill increases to level 2!
Casting: Scorch (safe; 3% risk of failure)
Confirm with . or Enter, or press ? or * to list all spells.
Flames lash the black bear.
The black bear is moderately wounded.
The black bear's fire resistance burns away.
The black bear bites you.
* * * LOW HITPOINT WARNING * * *
The black bear claws you.
* * * LOW HITPOINT WARNING * * *
The black bear claws you.
* * * LOW HITPOINT WARNING * * *
Okay, then.
A red film seems to cover your vision as you go berserk!
You feel yourself moving faster!
You feel mighty!
The black bear bites you but does no damage.
The black bear claws you but does no damage.
The black bear barely misses you.
You puncture the black bear!
The black bear is poisoned.
The black bear is heavily wounded.
You closely miss the black bear.
The black bear is heavily wounded.
The black bear bites you.
You die...

##........#
#...##...#
#######'##
#....# #....#
#....# #.
##'###
#...##...##...
#.....@h......
+..............
#.........###+#
#######...#
#####


You could see a black bear (very poisoned, combustible).

Vanquished Creatures
  2 ogres
  3 bombardier beetles
  A hound (D:4)
  An orc priest (D:4)
  A sleepcap (D:5)
  2 orc wizards
  2 adders
  3 dart slugs
  6 orcs
  5 endoplasms
  3 giant cockroaches
  9 goblins
  3 hobgoblins
  2 jackals (D:1)
  7 quokkas
  10 ball pythons
  10 bats
  3 frilled lizards
  7 kobolds
  10 rats
  A spectral hobgoblin (D:2)
91 creatures vanquished.

Vanquished Creatures (others)
  136 foxfires
136 creatures vanquished.

Grand Total: 227 creatures vanquished

Notes
Turn   | Place    | Note
-------+----------+-------------------------------------------
     0 | D:1      | croobank the Demigod Fire Elementalist began the quest for
                  | the Orb.
     0 | D:1      | Reached XP level 1. HP: 14/14 MP: 5/5
   112 | D:1      | Reached skill level 1 in Conjurations
   310 | D:1      | Found Nasal's Jewellery Boutique.
   368 | D:1      | Found Wiustimu's Jewellery Emporium.
   441 | D:1      | Reached XP level 2. HP: 20/20 MP: 4/7
   446 | D:1      | Learned a level 2 spell: Scorch
   964 | D:1      | Found Pouhangu's Magic Scroll Boutique.
   967 | D:1      | Bought a scroll of identify for 28 gold pieces
  1159 | D:1      | Found Rooreim's Book Boutique.
  1222 | D:1      | Found Gadarev's Antique Weapon Emporium.
  1352 | D:2      | Reached XP level 3. HP: 26/26 MP: 6/8
  1356 | D:2      | Learned a level 3 spell: Inner Flame
  2554 | D:3      | Reached XP level 4. HP: 34/34 MP: 10/10
  3334 | D:4      | Noticed an ogre
  3341 | D:4      | Killed an ogre
  3342 | D:4      | Reached skill level 1 in Fighting
  3342 | D:4      | Reached skill level 1 in Hexes
  3342 | D:4      | Reached XP level 5. HP: 40/40 MP: 11/11
  3713 | D:4      | Found a staircase to the Ecumenical Temple.
  3812 | D:4      | Reached XP level 6. HP: 37/47 MP: 12/13
  3984 | D:5      | Entered Level 5 of the Dungeon
  3986 | D:5      | Noticed a +0 triple crossbow
  3992 | D:5      | Found Umank's Weapon Emporium.
  4056 | D:5      | Noticed a +0 giant spiked club
  4095 | D:5      | HP: 1/48 [black bear (3)]
  4098 | D:5      | Slain by a black bear

Illustrated notes

Levels and vault maps discovered:
D:1:      minmay_arrival_doors, layout_basic, serial_shops,
          nicolae_shop_just_a_little_nook, nicolae_shop_real_fake_doors,
          nicolae_shop_rolled_up, shop, shop
D:2:      layout_loops_cross, dreamdust_ecumenical_altar_drowned_temple,
          kennysheep_generic_room_5
D:3:      layout_basic
D:4:      layout_cave_pools, minmay_temple_entry_wispy
D:5:      layout_gridville, lemuel_tele_altar,
          mainiacjoe_overflow_catwalk_spiral, serial_shops,
          nicolae_shop_mannequins

Skill      XL: |  1  2  3  4  5  6 |
---------------+-------------------+-----
Conjurations   | 1 2 |  2.5
Stealth        | 2 3 |  3.3
Dodging        | 2 3 |  3.1
Spellcasting   | 2 |  2.9
Fire Magic     | 3 |  3.7
Fighting       | 1 2 |  2.0
Hexes          | 1 2 |  2.0

Action                     |  1- 3 |  4- 6 || total
---------------------------+-------+-------++-------
  Melee: Whip              |    41 |       ||    41
         Dagger            |     2 |    34 ||    36
   Cast: Foxfire           |    53 |    30 ||    83
         Scorch            |    18 |    27 ||    45
    Use: Scroll            |     1 |     1 ||     2
         Potion            |       |     2 ||     2
   Stab: Sleeping          |     2 |     1 ||     3
 Armour: Robe              |    38 |    40 ||    78
  Dodge: Dodged            |    34 |    29 ||    63

Table legend: (Time is in decaauts)
 A = Elapsed time spent in this place.
 B = Non-inter-level travel time spent in this place.
 C = Inter-level travel time spent in this place.
 D = Time resting spent in this place.
 E = Time spent auto-exploring this place.
 F = Levels seen in this place.
 G = Mean time per level.
                   A        B        C        D        E       F      G
               +--------+--------+--------+--------+--------+-----+--------+
         Total |   4107 |   4003 |    104 |    747 |   2596 |   5 |  821.4 |
       Dungeon |   4107 |   4003 |    104 |    747 |   2596 |   5 |  821.4 |
               +--------+--------+--------+--------+--------+-----+--------+

Top non-repeatable levels by time:
     D:1: 1343 daAuts
     D:2: 1203 daAuts
     D:3: 797 daAuts
     D:4: 649 daAuts
     D:5: 113 daAuts
